AoeStats
← MooseMooch

Arena

509032288Analyzed
1v1 RM · 7d ago on Sep 25, 2026· 16m 47s· 2 players
Game mode
Random Map
Map size
Tiny (2 player)
Population
200
Speed
Normal
Resources
Standard
Victory
Conquest
Starting age
Dark Age
Ending age
Imperial Age
RankedLock teamsTeams togetherTeam positionsShared explorationLock speedFull tech treeHidden civsTurbo modeCheats
Victory
Defeat
🇩🇪 Portuguese · Germany
1300
+19
🇨🇳 Turks · China
1358
-19
Leon
10:50 Feudal Age
10:43 Loom
14:28 Castle Age
13:27 Fletching
14:13 Double-Bit Axe
MooseMooch
10:58 Feudal Age
14:37 Castle Age
12:53 Double-Bit Axe
13:13 Horse Collar
Connection lost

Rejoining the realm…

Still unreachable

The connection could not be restored.

Session expired

The server has moved on; the page needs a fresh start.